 Dungeon Crawl Stone Soup version 0.30.1-4-g462c640d31 (webtiles) character file.

Game seed: 5287390146836463095

373 HagarQim the Firebug (level 6, -5/57 HPs)
             Began as an Ogre Fire Elementalist on Aug 24, 2023.
             Killed by an exploding ice beast (14 damage)
             ... ignited by their inner flame
             ... on level 4 of the Dungeon.
             The game lasted 00:15:40 (5226 turns).

HagarQim the Firebug (Ogre Fire Elementalist)       Turns: 5226, Time: 00:15:40

Health: -5/57      AC:  5    Str: 13    XL:     6   Next: 72%
Magic:  12/12      EV: 10    Int: 18    God:
Gold:   281        SH:  0    Dex:  9    Spells: 11/14 levels left

rFire   + . .        t - +2 hand axe (freeze)
rCold   + . .        (no shield)
rNeg    . . .        a - +0 robe
rPois   +            (helmet restricted)
rElec   +            k - +1 cloak
rCorr   +            (gloves unavailable)
SInv    .            (boots unavailable)
Will    .....        (no amulet)
Stlth   +            (no ring)
HPRegen 0.29/turn    (no ring)
MPRegen 0.13/turn

%: no passive effects
@: resistant, flying
A: large, unfitting armour, tough skin 1
a: no special abilities


You were on level 4 of the Dungeon.
You visited 1 branch of the dungeon, and saw 4 of its levels.

You collected 281 gold pieces.

Inventory:

Hand Weapons
 c - a +2 short sword of draining
 t - a +2 hand axe of freezing (weapon)
Missiles
 h - a throwing net
Armour
 a - a +0 robe (worn)
 k - a +1 cloak (worn)
 q - an orb of wrath
Scrolls
 d - 4 scrolls of teleportation
 f - a scroll of noise {unknown}
 i - a scroll of enchant weapon {unknown}
 j - 2 scrolls of blinking
 m - a scroll of magic mapping
 n - 3 scrolls of identify
 s - a scroll of silence {unknown}
Potions
 e - 3 potions of curing
 v - a potion of haste {unknown}


   Skills:
 * Level 2.2 Fighting
 + Level 0.3 Axes
 + Level 2.0 Dodging
 + Level 1.5 Stealth
 + Level 4.5 Spellcasting
 * Level 2.1 Conjurations
 + Level 4.8 Fire Magic


You had 11 spell levels left.
You knew the following spells:

 Your Spells              Type           Power      Damage    Failure   Level
a - Foxfire               Conj/Fire      64%        2x1d7     3%          1
b - Scorch                Fire           42%        2d7       3%          2

Your spell library contained the following spells:

 Spells                   Type           Power      Damage    Failure   Level
 Shock                    Conj/Air       32%        1d5       9%          1
 Apportation              Tloc           8%         N/A       14%         1
 Necrotise                Necr           16%        1d4       14%         1
 Sting                    Tmut/Pois      16%        1d3       14%         1
 Summon Small Mammal      Summ           16%        N/A       14%         1
 Inner Flame              Hex/Fire       12%        N/A       16%         3
 Volatile Blastmotes      Fire/Tloc      24%        2d12      16%         3
 Poisonous Vapours        Pois/Air       8%         N/A       22%         2
 Flame Wave               Conj/Fire      16%        2d7       32%         4
 Swiftness                Air            4%         N/A       38%         3
 Airstrike                Air            2%         2d(1-17)  80%         4
 Olgreb's Toxic Radiance  Pois           4%         N/A       80%         4


Dungeon Overview and Level Annotations

Branches:
Dungeon (4/15)
 Temple: D:4-7

Altars:
Trog

Annotations:
D:4 1 transporter


Innate Abilities, Weirdness & Mutations

You are too large for most types of armour.
You have tough skin. (AC +1)


Message History

As you read the scroll labelled OMOJOI EZE IRO, it crumbles to dust.
It is a scroll of enchant armour.
Your +0 cloak glows green for a moment.
The ice beast barely misses you.
The ice beast hits you but does no damage.
The ice beast barely misses you.
As you read the scroll labelled RUUMIUPAHA, it crumbles to dust.
The creatures around you are filled with an inner flame!
It was a scroll of immolation.
The ice beast hits you but does no damage. x3
Casting: Scorch (safe; 3% risk of failure)
Confirm with . or Enter, or press ? or * to list all spells.
Flames lash the ice beast.
The ice beast melts!
Flame seeps out of the ice beast.
The ice beast is heavily wounded.
The ice beast's fire resistance burns away.
The ice beast hits you but does no damage.
The ice beast hits you. The ice beast freezes you. You resist.
The ice beast is engulfed in blazing flames.
Flame seeps out of the ice beast.
The ice beast closely misses you.
Casting: Scorch (safe; 3% risk of failure)
Confirm with . or Enter, or press ? or * to list all spells.
You don't have enough magic to cast this spell.
Unknown command.
Unknown command.
Magic courses through your body. The ice beast barely misses you. x2
The ice beast is engulfed in blazing flames.
The ice beast explodes!
You hear a sizzling sound! x2
The fiery explosion engulfs you! You resist.
The fiery explosion engulfs the ice beast!!
The ice beast melts!
The fiery explosion engulfs the ice beast!!!
The ice beast melts!
The ice beast explodes!
The fiery explosion engulfs you!! You resist.
* * * LOW HITPOINT WARNING * * *
The ice beast explodes!
You hear a sizzling sound!
The fiery explosion engulfs you! You resist.
You die...

.....................#.###.......
.#..########.###.#...............
.#.........).#.........###.......
.##.###.######..©...<...#.#......
......#.## #########...#.......#
..###.#..# #.○○§°§.#.....#'###.#
.##......# #○.§.☼.○##..........#
.#..8.#..# #☼.#§#○☼##.#..(......
.#)8..#..# #°.○@§○§##.#......).#
##...##..# #○§#§#§°##.#.#....#.#
..####...# #○.§§§.°##.#.#.[###)#
8.#(...### ###°§○####.#.#....#.#
..#.8.## #.°☼○○§○°.#...#....#.#
.##...# #.°○○○○°○°#######....#
##....# #○○○§§§○§°#...........
.....## #§○§§§§○○○#.####.#....
##..## #○.○[©?.○.#.#....#....


There were no monsters in sight!

Vanquished Creatures
  3 ice beasts (D:4)
  A scorpion (D:4)
  A hound (D:3)
  A jelly (D:3)
  Jessica (D:2)
  4 gnolls (D:4)
  9 adders
  2 worms (D:3)
  2 dart slugs
  2 orcs (D:4)
  10 endoplasms
  3 giant cockroaches
  8 goblins
  10 hobgoblins
  10 jackals
  7 kobolds
  5 quokkas
  9 ball pythons
  7 bats
  2 frilled lizards (D:1)
  6 rats
103 creatures vanquished.

Vanquished Creatures (others)
  104 foxfires
104 creatures vanquished.

Grand Total: 207 creatures vanquished

Notes
Turn   | Place    | Note
-------+----------+-------------------------------------------
     0 | D:1      | HagarQim the Ogre Fire Elementalist began the quest for the
                  | Orb.
     0 | D:1      | Reached XP level 1. HP: 16/16 MP: 3/3
   300 | D:1      | Reached XP level 2. HP: 24/24 MP: 0/5
   350 | D:1      | Learned a level 2 spell: Scorch
   660 | D:1      | Reached skill level 1 in Conjurations
   780 | D:1      | Reached XP level 3. HP: 31/31 MP: 1/7
  1083 | D:2      | Noticed Jessica
  1086 | D:2      | Killed Jessica
  1436 | D:2      | Reached XP level 4. HP: 39/39 MP: 5/8
  1900 | D:2      | Found a faded altar of an unknown god.
  2928 | D:3      | Reached skill level 1 in Fighting
  2928 | D:3      | Reached XP level 5. HP: 32/48 MP: 3/10
  3771 | D:4      | Found a transporter.
  3884 | D:4      | Found a transporter.
  4032 | D:4      | Reached XP level 6. HP: 55/55 MP: 4/12
  4862 | D:4      | Noticed an ice beast
  4862 | D:4      | Noticed an ice beast
  4862 | D:4      | Noticed an ice beast
  4931 | D:4      | Found a bloodstained altar of Trog.
  5226 | D:4      | Killed an ice beast
  5226 | D:4      | Killed an ice beast
  5226 | D:4      | Killed an ice beast
  5226 | D:4      | Killed by an exploding ice beast... ignited by their inner
                  | flame

Illustrated notes

Levels and vault maps discovered:
D:1:      ebering_hopf_link, layout_rooms, minmay_crystal_room
D:2:      cheibrodos_old_hovel, layout_basic, basic_ecumenical_altar,
          uniq_jessica
D:3:      layout_loops_ring, minmay_snake_closets
D:4:      gammafunk_cloud_chamber, layout_basic, trog_hazing_becter, minmay_bent

Skill      XL: |  1  2  3  4  5  6 |
---------------+-------------------+-----
Fire Magic     | 3 4 |  4.8
Conjurations   | 1 2 |  2.1
Spellcasting   | 3 4 |  4.5
Dodging        | 2 |  2.0
Fighting       | 1 2 |  2.2
Axes           | |  0.3
Stealth        | |  1.5

Action                     |  1- 3 |  4- 6 || total
---------------------------+-------+-------++-------
  Melee: Unarmed           |     1 |       ||     1
         Hand axe          |     4 |    21 ||    25
   Cast: Foxfire           |    30 |    37 ||    67
         Scorch            |    12 |    86 ||    98
    Use: Scroll            |       |     8 ||     8
         Potion            |       |     4 ||     4
 Armour: Robe              |     7 |    19 ||    26
  Dodge: Dodged            |     7 |    38 ||    45
